 Dungeon Crawl Stone Soup version 0.19.1-1-g22dce08 (webtiles) character file.

228 Letos the Insei (level 6, 0/43 HPs)
             Began as a Merfolk Transmuter on Jan 13, 2017.
             Slain by a gnoll
             ... wielding a +2 spear of flaming
              (10 damage)
             ... on level 5 of the Dungeon.
             The game lasted 00:05:48 (4962 turns).

Letos the Insei (Merfolk Transmuter)                Turns: 4962, Time: 00:05:49

Health: 0/43       AC:  2    Str: 11    XL:     6   Next: 2%
Magic:  8/9        EV: 13    Int: 13    God:
Gold:   105        SH:  3    Dex: 15    Spells: 1 memorised, 8 levels left

rFire  . . .     SeeInvis .       - Unarmed
rCold  . . .     Gourm    .     b - +0 robe
rNeg   . . .     Faith    .     (no shield)
rPois  .         Spirit   .     (no helmet)
rElec  .         Reflect  +     (no cloak)
rCorr  .         Harm     .     (no gloves)
MR     .....                    (no boots)
Stlth  +.........               u - +3 amulet of reflection
                                (no ring)
                                (no ring)

@: appendage (expiring)
A: change form in water, swift swim, stealthy swim, horns 2
a: End Transformation


You were on level 5 of the Dungeon.
You were not hungry.
You had grown temporary horns.
You visited 1 branch of the dungeon, and saw 5 of its levels.

You collected 105 gold pieces.

Inventory:

Missiles
 a - 81 arrows
Armour
 b - a +0 robe (worn)
 s - a +0 ring mail
Jewellery
 u - a +3 amulet of reflection (around neck)
 x - a +3 ring of evasion {unknown}
Wands
 v - a wand of iceblast (10/15)
Scrolls
 g - a scroll of enchant armour {unknown}
 i - 2 scrolls of recharging {unknown}
 l - a scroll of fog {unknown}
 m - 3 scrolls of fear {unknown}
 n - a scroll of remove curse {unknown}
 o - a scroll of immolation {unknown}
 p - a scroll of blinking {unknown}
 q - 3 scrolls of random uselessness {unknown}
 r - 3 scrolls of identify {unknown}
 w - a scroll of teleportation {unknown}
Potions
 e - a potion of mutation {unknown}
 f - a potion of haste {unknown}
 j - a potion of might
Books
 c - a book of Changes

   Spells                             Type                      Level
   a - Beastly Appendage              Transmutation                1
   b - Sticks to Snakes               Transmutation                2
   c - Spider Form                    Transmutation/Poison         3
   d - Ice Form                       Ice/Transmutation            4
   e - Blade Hands                    Transmutation                5
Comestibles
 d - 5 bread rations
 k - a meat ration
 t - 2 beef jerkies


   Skills:
 - Level 1.1 Fighting
 - Level 2.6 Dodging
 * Level 6.6 Unarmed Combat
 - Level 2.0 Spellcasting
 - Level 4.0 Transmutations


You had 8 spell levels left.
You knew the following spells:

 Your Spells              Type           Power        Failure   Level  Hunger
a - Beastly Appendage     Tmut           ##....       6%          1    ##.....


Dungeon Overview and Level Annotations

Branches:
Dungeon (5/15)
 Temple: D:4-7

Altars:
Trog
The Shining One


Innate Abilities, Weirdness & Mutations

You revert to your normal form in water.
You are very nimble and swift while swimming.
You are very stealthy in the water. (Stealth+)
You have a pair of horns on your head.


Message History

The gnoll hits you from afar with a spear of flaming.
The gnoll burns you.
Your transformation is almost over.
The gnoll hits you with a spear of flaming.
* * * LOW HITPOINT WARNING * * *
The gnoll burns you.
* * * LOW HITPOINT WARNING * * *
You see here a gnoll corpse.
You punch the gnoll!
The gnoll is severely wounded.
The gnoll hits you but does no damage.
You barely miss the gnoll.
The gnoll is severely wounded.
The gnoll closely misses you.
The gnoll shaman calls upon its god to heal the gnoll.
The gnoll is healed somewhat.
You hit the gnoll.
The gnoll is severely wounded.
The gnoll hits you with a spear of flaming!
You die...

###
#<#
#.#
#.#
#.#
#@#
#g#
#g#
#g#
#)#
#.#
...
#.#


You could see a gnoll shaman and 2 gnolls.

Vanquished Creatures
  A worker ant (D:4)
  A gnoll (D:5)
  7 adders
  An ooze (D:1)
  A worm (D:2)
  6 dart slugs
  6 leopard geckos
  5 orcs (D:3)
  7 bats
  6 giant cockroaches
  7 goblins
  9 hobgoblins
  20 jackals
  10 kobolds
  5 frilled lizards
  3 rats (D:3)
95 creatures vanquished.

Notes
Turn   | Place    | Note
-------+----------+-------------------------------------------
     0 | D:1      | Letos the Merfolk Transmuter began the quest for the Orb.
     0 | D:1      | Reached XP level 1. HP: 15/15 MP: 3/3
    54 | D:1      | Reached XP level 2. HP: 17/21 MP: 3/5
   305 | D:1      | Reached skill level 4 in Unarmed Combat
   371 | D:1      | Reached XP level 3. HP: 15/26 MP: 4/6
  1675 | D:2      | Reached XP level 4. HP: 31/32 MP: 5/7
  1794 | D:2      | Found a glowing golden altar of the Shining One.
  1839 | D:2      | HP: 1/32 [adder (5)]
  1842 | D:2      | Reached skill level 5 in Unarmed Combat
  2891 | D:2      | Reached XP level 5. HP: 18/37 MP: 6/8
  3209 | D:3      | Found a faded altar of an unknown god.
  3757 | D:3      | Reached skill level 6 in Unarmed Combat
  4343 | D:4      | Found a bloodstained altar of Trog.
  4794 | D:4      | Noticed an ogre
  4801 | D:5      | Entered Level 5 of the Dungeon
  4958 | D:5      | Reached XP level 6. HP: 25/43 MP: 7/9
  4962 | D:5      | Slain by a gnoll

Skill      XL: |  1  2  3  4  5 |
---------------+----------------+-----
Transmutations | 3 4 |  4.0
Unarmed Combat | 4 5 6 |  6.6
Fighting       | |  1.1
Dodging        | |  2.6
Spellcasting   | |  2.0

Action                   |  1- 3 |  4- 6 || total
-------------------------+-------+-------++-------
Melee: Unarmed           |   113 |   258 ||   371
       Headbutt          |     7 |    18 ||    25
       Punch             |     3 |     2 ||     5
 Cast: Beastly Appendage |     9 |    18 ||    27
  Use: Potion            |       |     2 ||     2
 Stab: Sleeping          |     1 |       ||     1
  Eat: Chunk             |     3 |     6 ||     9
       Bread ration      |       |     1 ||     1
Armor: Robe              |    20 |    37 ||    57
Dodge: Dodged            |    79 |   208 ||   287
Block: Other             |       |    14 ||    14
